 Dungeon Crawl Stone Soup version 0.28-a0-687-gb91baff9cc (webtiles) character file.

Game seed: 9824882187386608243

13764 Gwenloh the Summoner (level 12, -2/74 HPs)
             Began as a Merfolk Summoner on Oct 18, 2021.
             Was a Believer of the Shining One (penitent).
             Slain by a cane toad (8 damage)
             ... while petrified by a basilisk
             ... on level 3 of the Lair of Beasts on Oct 19, 2021.
             The game lasted 01:33:18 (19148 turns).

Gwenloh the Summoner (Merfolk Summoner)            Turns: 19148, Time: 01:33:18

Health: -2/74      AC:  8    Str: 16    XL:     12   Next: 9%
Magic:  18/21      EV:  2    Int: 18    God:    the Shining One [*]
Gold:   1443       SH:  0    Dex: 20    Spells: 7/24 levels left

rFire   . . .      SeeInvis .   a - +3 trident
rCold   . . .      Faith    +   v - +2 buckler {reflect}
rNeg    + + +      Spirit   .   i - +0 robe
rPois   ∞          Reflect  +   K - +0 helmet
rElec   +          Harm     .   (no cloak)
rCorr   .          Rampage  .   (no gloves)
Will    .....                   w - +0 pair of boots
Stlth   +++.......              L - amulet of faith
HPRegen 0.22/turn               j - +6 ring of dexterity
MPRegen 0.17/turn               f - ring "Qimnojey" {Drain Fly rElec AC+4 Str+6 Stlth+}

@: lethally poisoned (-2 -> -2), petrified, flying, very slightly contaminated,
studying Slings
A: (nimble swimmer 2), mertail
a: Renounce Religion


You were on level 3 of the Lair of Beasts.
You worshipped the Shining One.
The Shining One was demanding penance.
You visited 3 branches of the dungeon, and saw 12 of its levels.

You collected 1839 gold pieces.
You spent 396 gold pieces at shops.

Inventory:

Hand Weapons
 a - a +3 trident (weapon)
 m - a +0 fustibalus
 t - a +2 rapier of freezing
Missiles
 c - a throwing net
 h - 227 stones
 C - 77 sling bullets
 F - 34 poisoned darts (quivered)
 G - 6 boomerangs
Armour
 g - +0 swamp dragon scales
 i - a +0 robe (worn)
 v - a +2 buckler of reflection (worn)
 w - a +0 pair of boots (worn)
 x - a +0 leather armour
 K - a +0 helmet (worn)
Magical Staves
 b - a staff of air
Jewellery
 f - the ring "Qimnojey" (right hand) {Drain Fly rElec AC+4 Str+6 Stlth+}
   (You acquired it on level 5 of the Dungeon)

   [ring of protection]

   AC:        It affects your AC (+4).
   Str:       It affects your strength (+6).
   rElec:     It insulates you from electricity.
   Fly:       It grants you flight.
   Drain:     It drains your maximum health when unequipped.
   Stlth:     It makes you more stealthy.
 j - a +6 ring of dexterity (left hand)
 J - a +6 ring of dexterity
 L - an amulet of faith (around neck)
 O - a ring of willpower
Wands
 n - a wand of charming (9)
 p - a wand of flame (74)
 I - a wand of iceblast (7)
Scrolls
 d - 6 scrolls of teleportation
 e - a scroll of enchant armour {unknown}
 l - 4 scrolls of magic mapping
 o - 2 scrolls of blinking
 s - 2 scrolls of immolation
 u - 2 scrolls of fear
 y - a scroll of amnesia
 E - 3 scrolls of identify
 H - a scroll of fog
 N - a scroll of silence {unknown}
Potions
 k - a potion of berserk rage
 q - a potion of might
 r - 2 potions of ambrosia
 z - 4 potions of curing
 A - 4 potions of flight {unknown}
 B - a potion of mutation {unknown}
 D - a potion of invisibility {unknown}
 M - a potion of lignification {unknown}


   Skills:
 + Level 10.1 Polearms
 + Level 5.6 Dodging
 - Level 2.1 Stealth
 - Level 4.0 Shields
 - Level 6.5 Spellcasting
 + Level 9.1 Hexes
 + Level 11.2 Summonings
 + Level 7.7 Invocations


You had 7 spell levels left.
You knew the following spells:

 Your Spells              Type           Power      Damage    Failure   Level
a - Summon Small Mammal   Summ           100%       N/A       1%          1
b - Call Canine Familiar  Summ           46%        N/A       1%          3
c - Summon Guardian Gole  Hex/Summ       42%        N/A       1%          3
d - Summon Lightning Spi  Summ/Air       26%        N/A       11%         4
e - Cause Fear            Hex            19%        N/A       2%          4
f - Call Imp              Summ           46%        N/A       1%          2

Your spell library contained the following spells:

 Spells                   Type           Power      Damage    Failure   Level
 Dazzling Flash           Conj/Hex       44%        N/A       5%          3
 Inner Flame              Hex/Fire       22%        N/A       5%          3
 Animate Armour           Summ/Erth      52%        N/A       11%         4
 Magic Dart               Conj           20%        1d4       12%         1
 Mephitic Cloud           Conj/Pois/Air  5%         N/A       34%         3
 Stone Arrow              Conj/Erth      10%        3d7       34%         3
 Iskenderun's Mystic Bla  Conj/Tloc      5%         2d3       75%         4
 Starburst                Conj/Fire      2%         6d3       100%        6
 Discord                  Hex            19%        N/A       100%        8
 Lehudib's Crystal Spear  Conj/Erth      2%         10d2      100%        8


Dungeon Overview and Level Annotations

Branches:
Dungeon (8/15)             Temple (1/1) D:5            Lair (3/6) D:8
  Swamp (0/4) Lair:2       Spider (0/4) Lair:2

Altars:
Ashenzari
Cheibriados
Dithmenos
Elyvilon
Fedhas
Gozag
Hepliaklqana
Kikubaaqudgha
Makhleb
Nemelex Xobeh
Okawaru
Qazlal
Ru
Sif Muna
Trog
Uskayaw
Vehumet
Wu Jian
Xom
Yredelemnul
The Shining One

Shops:
D:7 ?*

Annotations:
Lair:1 exclusion: oklob plant


Innate Abilities, Weirdness & Mutations

((You are quick and stealthy near water. (Stealth+, EV+, Speed+++)))
Your lower body shifts to a powerful aquatic tail in water.


Message History

Your wolf disappears in a puff of smoke!
You puncture the basilisk!
The basilisk is almost dead.
The cane toad stings you but does no damage.
The basilisk gazes at you.
You are slowing down.
Casting: Summon Guardian Golem (safe; 1% risk of failure)
Confirm with . or Enter, or press ? or * to list all spells.
You miscast Summon Lightning Spire.
You are very lightly contaminated with residual magic.
You feel a sudden electric shock. You resist. The cane toad stings you.
The basilisk gazes at you.
Your limbs have turned to stone.
The cane toad stings you!
You are poisoned.
The cane toad poisons you!
You have turned to stone.
The cane toad stings you!! The basilisk barely misses you.
The cane toad stings you. The basilisk gazes at you. The cane toad stings you.
The basilisk gazes at you. You resist with some effort.
The cane toad stings you!! The basilisk bites you. The cane toad stings you!!
The basilisk bites you!
* * * LOW HITPOINT WARNING * * *
The cane toad stings you.
* * * LOW HITPOINT WARNING * * *
The basilisk bites you.
* * * LOW HITPOINT WARNING * * *
The cane toad stings you but does no damage.
The cane toad stings you!
* * * LOW HITPOINT WARNING * * *
The basilisk bites you but does no damage.
The cane toad stings you but does no damage.
The basilisk gazes at you. The cane toad stings you.
* * * LOW HITPOINT WARNING * * *
The basilisk bites you.
* * * LOW HITPOINT WARNING * * *
The cane toad stings you!
You die...

#########.....##.P#
.....#.P.#.#.......PP..#
........................
.............(..........
........................
..........(.............
............(.†.........
/.....l..........†......
......F@........#.##...#
.....##....##...#.#.#..#
... #...#.P###†.#......#
. ##......##..#......#
....................
.+.......#....###..## .
.#.#....##.(.# #..#
..###..##.#.... .....
...........


You could see a cane toad and a basilisk.

Vanquished Creatures
  3 hydras
  A wolf spider (Lair:3)
  A cane toad (Lair:3)
  2 black mambas (Lair:2)
  Maggie (D:6)
  A jumping spider (Lair:2)
  A polar bear (Lair:1)
  A hornet (D:7)
  2 blink frogs
  A shadow (D:7)
  2 yaks (D:8)
  2 steam dragons (D:7)
  2 water moccasins (Lair:1)
  An orc warrior (D:7)
  A black bear (D:8)
  2 sky beasts
  A wolf (D:8)
  A centaur (D:8)
  2 ogres (D:7)
  2 bullfrogs
  A scorpion (D:6)
  A killer bee (D:8)
  2 wights
  6 howler monkeys
  A centaur zombie (D:6)
  4 hounds
  A jelly (D:7)
  A centaur skeleton (D:4)
  2 gnoll shamans (D:7)
  3 orc priests (D:7)
  4 orc wizards
  Ijyb (D:5)
  3 iguanas
  2 killer bee zombies (D:7)
  2 hound zombies
  9 adders
  7 gnolls
  An ufetubus (D:5)
  2 dart slugs
  A worm (D:3)
  10 orcs
  4 ball pythons
  6 endoplasms
  3 giant cockroaches
  7 goblins
  A hobgoblin (D:4)
  3 quokkas
  3 frilled lizards (D:2)
  6 kobolds
  6 rats
133 creatures vanquished.

Vanquished Creatures (collateral kills)
  2 two-headed ogres
  A rime drake (Lair:2)
  A jumping spider (Lair:2)
  2 blink frogs (Lair:2)
  A redback (Lair:2)
  Sigmund (D:2)
  A nameless horror (Lair:2)
  Grum (D:8)
  A warg (D:7)
  2 steam dragons
  2 water moccasins
  4 orc warriors
  A sky beast (D:6)
  A wolf (D:8)
  3 ogres
  A phantom (D:5)
  A bullfrog (Lair:2)
  A kobold brigand (D:7)
  3 gnoll sergeants (D:7)
  4 scorpions
  4 killer bees (D:8)
  2 wights (D:5)
  4 howler monkeys (D:7)
  3 hounds (D:7)
  A jelly (D:8)
  2 orc priests (D:7)
  A centaur skeleton (D:7)
  2 iguanas
  5 orc wizards
  5 gnolls
  An adder (D:2)
  An ufetubus (D:4)
  A dart slug (D:4)
  13 orcs
  2 ball pythons
  An endoplasm (D:1)
  A giant cockroach (D:4)
  A goblin (D:1)
  2 hobgoblins
  3 jackals (D:1)
  3 quokkas
  A ball python skeleton (D:3)
  A kobold (D:1)
94 creatures vanquished.

Vanquished Creatures (others)
  2 komodo dragons
  A necrophage (D:5)
  An ogre (D:7)
  A bullfrog (D:7)
  5 wights
  A howler monkey (D:7)
  2 orc priests (D:7)
  A hound (D:7)
  A gnoll (D:7)
  An adder (D:6)
  49 fungi
  85 plants
  5 toadstools (D:4)
  5 withered plants (D:3)
160 creatures vanquished.

Grand Total: 387 creatures vanquished

Notes
Turn   | Place    | Note
-------+----------+-------------------------------------------
     0 | D:1      | Gwenloh the Merfolk Summoner began the quest for the Orb.
     0 | D:1      | Reached XP level 1. HP: 13/13 MP: 3/3
   256 | D:1      | Reached XP level 2. HP: 3/19 MP: 1/5
   523 | D:1      | Learned a level 2 spell: Call Imp
  1538 | D:1      | Found a faded altar of an unknown god.
  1650 | D:1      | Reached XP level 3. HP: 24/24 MP: 6/6
  1654 | D:1      | Learned a level 3 spell: Call Canine Familiar
  2748 | D:2      | Noticed Sigmund
  2882 | D:2      | Killed Sigmund
  2883 | D:2      | Reached skill level 6 in Summonings
  2883 | D:2      | Reached XP level 4. HP: 30/30 MP: 0/9
  2883 | D:2      | Reached XP level 5. HP: 35/35 MP: 0/10
  2967 | D:2      | Found a glowing golden altar of the Shining One.
  2975 | D:2      | Upgraded the game from 0.28-a0-674-gdaf460b524 to
                  | 0.28-a0-683-ga8797d1ae1
  2975 | D:2      | Became a worshipper of the Shining One
  3689 | D:3      | Reached XP level 6. HP: 27/41 MP: 11/11
  4040 | D:3      | Found a stormy altar of Qazlal.
  4147 | D:3      | Reached skill level 1 in Polearms
  4369 | D:3      | Found an ornate altar of the Wu Jian Council.
  4751 | D:3      | Found a shimmering blue altar of Sif Muna.
  4903 | D:3      | Found an ancient bone altar of Kikubaaqudgha.
  4916 | D:3      | Reached skill level 1 in Invocations
  4925 | D:3      | Found a radiant altar of Vehumet.
  5086 | D:3      | Found a broken altar of Ashenzari.
  5209 | D:4      | Learned a level 3 spell: Summon Guardian Golem
  5650 | D:4      | Reached skill level 1 in Shields
  5672 | D:4      | Reached XP level 7. HP: 24/46 MP: 12/12
  5848 | D:4      | Reached skill level 1 in Hexes
  6480 | D:5      | Entered Level 5 of the Dungeon
  6493 | D:5      | Found an iron altar of Okawaru.
  6493 | D:5      | Found a bloodstained altar of Trog.
  6818 | D:5      | Reached * piety under the Shining One
  7008 | D:5      | Found a staircase to the Ecumenical Temple.
  7207 | D:5      | Reached skill level 7 in Summonings
  7273 | D:5      | Reached XP level 8. HP: 43/52 MP: 5/14
  7522 | D:5      | Identified 2 scrolls of acquirement
  7524 | D:5      | Acquired the ring "Qimnojey" {Drain Fly rElec AC+4 Str+6
                  | Stlth+}
  7630 | D:5      | Noticed Ijyb
  7649 | D:5      | Killed Ijyb
  8318 | Temple   | Entered the Ecumenical Temple
  8411 | D:5      | Acquired 1161 gold pieces
  8771 | D:6      | Noticed Maggie
  8808 | D:6      | Killed Maggie
  8809 | D:6      | Reached XP level 9. HP: 27/57 MP: 7/16
  9020 | D:6      | Reached skill level 8 in Summonings
  9182 | D:6      | Acquired a staff of air
  9222 | D:6      | Learned a level 4 spell: Summon Lightning Spire
  9242 | D:6      | Reached ** piety under the Shining One
  9610 | D:6      | Reached skill level 5 in Polearms
  9748 | D:6      | Found a glowing golden altar of the Shining One.
 10046 | D:7      | Reached skill level 5 in Spellcasting
 10046 | D:7      | Reached skill level 5 in Hexes
 10146 | D:7      | Found Gusih's General Store.
 10155 | D:7      | Bought 2 potions of curing for 78 gold pieces
 10168 | D:7      | Found Hessempi's Magic Scroll Shoppe.
 10176 | D:7      | Bought a scroll of identify for 24 gold pieces
 10176 | D:7      | Bought a scroll of enchant weapon for 90 gold pieces
 10176 | D:7      | Bought a scroll of identify for 24 gold pieces
 10176 | D:7      | Bought a scroll of amnesia for 42 gold pieces
 10176 | D:7      | Bought a scroll of identify for 24 gold pieces
 10176 | D:7      | Bought a scroll of fog for 24 gold pieces
 10176 | D:7      | Bought a scroll of blinking for 90 gold pieces
 11118 | D:7      | Reached skill level 9 in Summonings
 11118 | D:7      | Reached XP level 10. HP: 63/63 MP: 18/18
 11528 | D:7      | Reached skill level 5 in Invocations
 12153 | D:7      | Noticed a two-headed ogre
 12163 | D:7      | Killed a two-headed ogre
 12163 | D:7      | Reached *** piety under the Shining One
 13016 | D:7      | Learned a level 4 spell: Cause Fear
 13137 | D:7      | Found a white marble altar of Elyvilon.
 13363 | D:8      | Noticed a four-headed hydra
 13402 | D:8      | Killed a four-headed hydra
 13403 | D:8      | Reached skill level 10 in Summonings
 13403 | D:8      | Reached XP level 11. HP: 29/68 MP: 8/20
 13967 | D:8      | Found a burning altar of Makhleb.
 14375 | D:8      | Found a staircase to the Lair.
 14538 | D:8      | Noticed a two-headed ogre
 14551 | D:8      | Killed a two-headed ogre
 14602 | D:8      | Noticed Grum
 14643 | D:8      | Killed Grum
 15174 | D:8      | Upgraded the game from 0.28-a0-683-ga8797d1ae1 to
                  | 0.28-a0-687-gb91baff9cc
 15177 | Lair:1   | Entered Level 1 of the Lair of Beasts
 15367 | Lair:1   | Noticed an oklob plant
 16244 | Lair:2   | Found a staircase to the Swamp.
 17002 | Lair:2   | Identified the +0 scale mail of Oblivion {rC+}
 17457 | Lair:2   | Noticed a four-headed hydra
 17469 | Lair:2   | Killed a four-headed hydra
 18137 | Lair:2   | Reached skill level 11 in Summonings
 18318 | Lair:2   | Found a hole to the Spider Nest.
 18634 | Lair:3   | Reached skill level 5 in Dodging
 18931 | Lair:3   | Noticed a five-headed hydra
 18936 | Lair:3   | Was placed under penance by the Shining One
 18936 | Lair:3   | Killed a five-headed hydra
 18937 | Lair:3   | Reached XP level 12. HP: 74/74 MP: 11/21
 18983 | Lair:3   | Reached skill level 10 in Polearms
 19148 | Lair:3   | Slain by a cane toad

Illustrated notes

Levels and vault maps discovered:
D:1:      lemuel_arrival_funnel, layout_basic, basic_ecumenical_altar,
          st_stairs_7
D:2:      layout_loops_corners, basic_altar, uniq_sigmund
D:3:      layout_basic, palyth_temple_overflow_mages, lemuel_tele_altar,
          nicolae_wu_jian_immortal_techniques, mainiacjoe_overflow_catwalk,
          serial_undead, serial_undead_e, serial_undead_f, serial_undead_e,
          serial_undead_d, st_stairs_6
D:4:      layout_rooms, minmay_gold_behind_fungi
D:5:      layout_basic, grunt_temple_overflow_bloody_war,
          minmay_temple_entry_antechambers, kennysheep_generic_room_15,
          uniq_ijyb
D:6:      layout_basic, mainiacjoe_overflow_alcove_1, uniq_maggie
D:7:      lemuel_castle_with_subvaults [lemuel_castle_interior_carwin_2],
          layout_layer_cave, mainiacjoe_overflow_boulevard, serial_shops,
          nicolae_shop_trees, nicolae_lakefront_shop
D:8:      layout_basic, lemuel_coloured_pillars_altar,
          grunt_lair_entry_orc_guard_hut, st_stairs_8, uniq_grum
Temple:   zaba_magenta_temple
Lair:1:   layout_roguey, wad_woods_road_04
Lair:2:   layout_cave_pods, minmay_swamp_entry_reptiles, spider_nest_entry_a,
          infiniplex_staircase_pool_2
Lair:3:   minmay_lair_venomous_thicket, layout_regular_city

Skill      XL: |  1  2  3  4  5  6  7  8  9 10 11 12 |
---------------+-------------------------------------+-----
Spellcasting   | 3 4 5 6 |  6.5
Summonings     | 6 7 9 10 11 | 11.2
Polearms       | 2 3 4 6 7 9 10 | 10.1
Invocations    | 1 2 3 4 6 7 |  7.7
Shields        | 1 3 4 |  4.0
Hexes          | 2 4 6 7 9 |  9.1
Dodging        | 5 |  5.6
Stealth        | |  2.1

Action                   |  1- 3 |  4- 6 |  7- 9 | 10-12 || total
-------------------------+-------+-------+-------+-------++-------
Melee: Dagger            |    86 |       |       |       ||    86
       Spear             |       |   154 |       |       ||   154
       Trident           |       |       |   261 |   319 ||   580
 Fire: Hunting sling     |       |    50 |    11 |       ||    61
       Fustibalus        |       |       |     6 |       ||     6
Throw: Stone             |     2 |    29 |     1 |       ||    32
       Dart              |       |       |     7 |    86 ||    93
       Boomerang         |       |       |    12 |     3 ||    15
 Cast: Summon Small Mamm |    16 |       |     9 |     1 ||    26
       Call Imp          |     6 |       |       |       ||     6
       Call Canine Famil |     4 |     7 |    37 |    45 ||    93
       Summon Guardian G |       |       |    18 |    24 ||    42
       Summon Lightning  |       |       |     2 |    20 ||    22
       Cause Fear        |       |       |       |     2 ||     2
Invok: Divine Shield     |       |       |       |     5 ||     5
Evoke: Wand              |       |     4 |     6 |    12 ||    22
  Use: Scroll            |       |       |    14 |     7 ||    21
       Potion            |       |       |     1 |     7 ||     8
 Stab: Sleeping          |     4 |       |       |       ||     4
       Distracted        |     1 |       |       |       ||     1
Armor: Robe              |    11 |    21 |    58 |    50 ||   140
Dodge: Dodged            |    60 |    83 |   160 |   122 ||   425
Block: Buckler           |       |       |       |    74 ||    74
       Other             |       |       |       |     1 ||     1

Table legend: (Time is in decaauts)
 A = Elapsed time spent in this place.
 B = Non-inter-level travel time spent in this place.
 C = Inter-level travel time spent in this place.
 D = Time resting spent in this place.
 E = Time spent auto-exploring this place.
 F = Levels seen in this place.
 G = Mean time per level.
                   A        B        C        D        E       F      G
               +--------+--------+--------+--------+--------+-----+--------+
         Total |  19100 |  18718 |    382 |   4270 |  10955 |  12 | 1591.7 |
       Dungeon |  15080 |  14811 |    269 |   3621 |   8533 |   8 | 1885.0 |
        Temple |     73 |     55 |     18 |      0 |     50 |   1 |   73.0 |
          Lair |   3946 |   3851 |     95 |    649 |   2371 |   3 | 1315.3 |
               +--------+--------+--------+--------+--------+-----+--------+

Top non-repeatable levels by time:
     D:7: 3447 daAuts
     D:5: 2005 daAuts
     D:3: 1951 daAuts
     D:1: 1828 daAuts
  Lair:2: 1767 daAuts
     D:8: 1652 daAuts
  Lair:1: 1641 daAuts
     D:2: 1637 daAuts
     D:6: 1492 daAuts
     D:4: 1065 daAuts
  Lair:3: 537 daAuts
  Temple: 73 daAuts
